Map: Ruins of Seras

Players

Bop - Winner!

  • Race: Zerg Zerg

Machine

  • Race: Zerg Zerg

VOD

Have the link to the VOD?

Description

Time

  • Played on: May 2, 2015, 6:21 p.m.
  • Length: 14:47
Show
View Real Time Build Order
Export as new Build Order

Bop Zerg - Winner!

Build Orders: Hatch First, Lurkers 

Get SALT Encoding   

  12  0:01  Drone  
  13  0:08  Drone  
  14  0:19  Overlord  
  14  0:25  Extractor  
  14  0:26  Drone  
  15  0:38  Drone x2  
  17  0:46  Drone  
  18  1:03  Hatchery  
  17  1:06  Drone  
  17  1:07  Drone  
  19  1:17  Extractor  
  18  1:21  Spawning Pool  
  18  1:23  Drone  
  18  1:33  Drone  
  19  1:51  Drone  
  19  1:52  Drone  
  21  2:03  Drone  
  22  2:14  Queen x2  
  26  2:16  Zergling x4  
  26  2:18  Metabolic Boost  
  26  2:21  Overlord  
  28  2:40  Baneling Nest, Drone x3  
  28  2:42  Drone  
  31  2:50  Overlord, Queen  
  33  2:55  Drone  
  34  3:03  Drone x2  
  36  3:11  Drone  
  37  3:14  Lair  
  37  3:15  Overlord  
  37  3:23  Drone x4  
  37  3:25  Zergling x2  
  42  3:33  Zergling x2  
  42  3:34  Zergling x6  
  46  3:42  Overlord  
  46  3:43  Drone  
  46  3:46  Baneling x2  
  47  3:49  Extractor x2  
  45  3:59  Drone x6  
  51  4:07  Overlord  
  51  4:08  Spine Crawler  
  50  4:11  Drone x3  
  52  4:17  Hydralisk Den  
  52  4:19  Overlord  
  51  4:31  Overlord  
  51  4:34  Extractor  
  50  4:44  Spine Crawler  
  49  4:45  Hydralisk x2  
  49  4:46  Hydralisk x2  
  49  4:47  Lurker Den  
  56  4:53  Zergling x8  
  60  5:03  Hydralisk  
  60  5:05  Zergling x2  
  56  5:14  Hydralisk x2  
  57  5:23  Hydralisk  
  57  5:24  Hydralisk  
  57  5:25  Zergling x2  
  62  5:32  Drone x3  
  65  5:43  Drone x2  
  65  5:45  Queen  
  69  5:54  Overseer  
  69  5:55  Overseer  
  69  5:59  Drone x3  
  72  6:17  Lurker x4  
  76  6:24  Spine Crawler  
  75  6:27  Overlord x2  
  75  6:30  Evolution Chamber  
  74  6:35  Lurker x2  
  75  6:40  Hatchery  
  75  6:43  Overlord  
  75  6:44  Overlord  
  75  6:45  Overlord  
  72  6:51  Drone  
  72  6:52  Drone x3  
  72  6:54  Infestation Pit  
  74  7:10  Drone x2  
  74  7:11  Spore Crawler, Zerg Melee Weapons Level 1  
  74  7:13  Drone x5  
  74  7:15  Zergling x4  
  81  7:17  Zergling x2  
  81  7:20  Lurker  
  81  7:21  Lurker  
  86  7:23  Lurker  
  86  7:31  Overlord  
  86  7:35  Hive  
  86  7:47  Drone x5  
  86  7:49  Extractor  
  90  7:56  Extractor  
  89  8:01  Zergling x14  
  96  8:09  Baneling x4  
  96  8:22  Overlord  
  96  8:26  Hydralisk x6  
  108  8:37  Overlord  
  108  8:41  Overlord  
  108  8:46  Overlord  
  108  8:50  Ultralisk Cavern, Queen  
  108  8:54  Lurker x5  
  108  8:55  Lurker  
  115  8:56  Drone x4  
  115  9:01  Zergling x6  
  120  9:26  Zergling x8  
  120  9:27  Zergling x22  
  135  9:37  Adrenal Glands, Zerg Melee Weapons Level 2  
  135  9:43  Overlord x2  
  135  9:44  Chitinous Plating  
  135  9:51  Burrow  
  126  10:08  Ultralisk x2  
  136  10:25  Ultralisk  
  136  10:26  Ultralisk  
  146  10:41  Ultralisk  
  152  10:45  Overlord  
  152  10:48  Overlord  
  150  10:57  Overlord x2  
  150  10:58  Overlord  
  150  11:20  Overseer x2  
  150  11:22  Overseer  
  150  11:28  Zergling x2  
  150  11:29  Zergling x28  
  150  11:32  Ultralisk x2  
  177  11:34  Overlord x2  
  177  11:44  Overlord  
  177  11:52  Overlord  
  175  11:59  Zergling x14  
  177  12:18  Ultralisk x3  
  177  12:22  Ultralisk x3, Overlord  
  195  12:23  Overlord  
  192  12:37  Queen x3  
  192  12:38  Ultralisk  
  190  12:48  Zergling x16  
  190  12:49  Zergling x2  
  196  12:54  Zergling x8  
  177  13:10  Zergling x12  
  156  13:33  Ultralisk x4  
  164  13:57  Ultralisk  
  164  13:58  Ultralisk x2  
  173  14:09  Zergling x14  
  156  14:20  Zergling x4  
  156  14:21  Zergling x6  
  158  14:45  Hatchery  
Show
View Real Time Build Order
Export as new Build Order

Machine Zerg 

Build Orders: Hatch First, Lurkers 

Get SALT Encoding   

  12  0:01  Drone  
  13  0:08  Drone  
  14  0:17  Overlord  
  14  0:25  Drone, Extractor  
  16  0:35  Drone x2  
  17  0:54  Hatchery  
  17  0:55  Drone  
  17  1:00  Drone  
  18  1:13  Spawning Pool  
  18  1:15  Drone  
  18  1:18  Extractor  
  18  1:20  Drone  
  18  1:26  Drone  
  19  1:40  Overlord  
  19  1:48  Drone  
  20  1:59  Queen  
  20  2:00  Drone  
  23  2:07  Queen  
  23  2:08  Zergling x2  
  26  2:11  Drone  
  27  2:17  Drone  
  28  2:23  Metabolic Boost  
  28  2:24  Overlord  
  28  2:28  Drone  
  29  2:35  Drone, Queen  
  32  2:39  Drone  
  33  2:48  Zergling x2  
  33  2:50  Zergling x2  
  35  3:03  Drone x2  
  37  3:07  Roach Warren, Drone  
  37  3:08  Drone x3  
  37  3:09  Drone  
  40  3:16  Drone x4  
  44  3:27  Overlord  
  44  3:42  Overlord  
  44  3:50  Roach x2  
  44  3:51  Roach x2  
  44  3:53  Overlord x2  
  52  3:59  Overlord  
  52  4:02  Roach x4  
  60  4:09  Overlord  
  60  4:22  Ravager  
  61  4:29  Queen  
  61  4:30  Zergling x2  
  61  4:31  Zergling x20  
  72  4:40  Overlord  
  72  4:42  Drone  
  73  4:46  Extractor  
  73  4:47  Extractor  
  73  4:52  Drone x6  
  75  4:53  Drone x3  
  77  5:08  Overlord  
  71  5:14  Drone x3  
  72  5:26  Lair  
  72  5:32  Zergling x6  
  72  5:33  Extractor  
  74  5:36  Hatchery  
  74  5:42  Ravager x3  
  76  5:45  Overlord  
  76  5:51  Hatchery, Zergling x2  
  76  5:52  Zergling x20  
  76  5:55  Ravager  
  87  5:59  Overlord  
  87  6:22  Evolution Chamber, Drone x4  
  87  6:23  Evolution Chamber  
  89  6:26  Drone x8  
  97  6:41  Overlord  
  97  6:56  Glial Reconstitution  
  97  6:58  Zerg Missile Weapons Level 1, Zerg Ground Armor Level 1  
  97  6:59  Roach x12  
  121  7:03  Drone x2  
  121  7:04  Drone  
  121  7:07  Ravager x2  
  126  7:09  Overseer  
  126  7:23  Drone x6  
  126  7:25  Overlord x5  
  136  7:37  Roach x2  
  136  7:41  Overlord  
  136  7:50  Hydralisk Den  
  135  7:55  Extractor x2  
  135  7:57  Roach  
  135  7:58  Roach x11  
  157  8:21  Roach x10  
  157  8:22  Roach x2  
  177  8:46  Muscular Augments  
  177  8:51  Drone x3  
  177  8:52  Drone  
  181  9:07  Overlord  
  181  9:08  Overlord x4  
  181  9:11  Hatchery  
  180  9:38  Overseer x2  
  180  9:39  Zerg Ground Armor Level 2, Zerg Missile Weapons Level 2  
  180  9:40  Hydralisk x8  
  180  9:41  Hydralisk x2  
  200  9:47  Spore Crawler, Spine Crawler  
  198  10:12  Hydralisk  
  197  10:25  Lurker Den  
  192  10:47  Hydralisk x2  
  192  10:48  Hydralisk x2  
  200  10:55  Spine Crawler x2  
  198  11:16  Pneumatized Carapace  
  198  11:22  Spine Crawler x2  
  198  11:23  Roach x2  
  198  11:25  Overseer  
  200  11:28  Spore Crawler  
  199  11:47  Infestation Pit  
  194  11:59  Drone x3  
  188  12:09  Lurker x5  
  188  12:10  Lurker x6  
  188  12:11  Lurker  
  200  12:18  Spine Crawler  
  200  12:19  Spine Crawler  
  191  12:37  Hydralisk Den  
  191  12:42  Extractor  
  191  12:43  Extractor  
  185  12:54  Roach x7  
  197  13:13  Spawning Pool  
  173  13:35  Roach x6  
  173  13:36  Roach x7  
  120  13:56  Roach x15  
  120  13:57  Roach  
  119  14:13  Hydralisk x3  
Tags
 
Add a new tag
Caveats
  • Supply blocks, unpowered buildings, or Contaminate may cause inaccurate times.
  • Supply counts are checked every 10 seconds.